AoeStats
← Viejo inimputable

MegaRandom

505794731Analyzed
2v2 RM · 20d ago on Sep 11, 2026· 40m 14s· 4 players
Game mode
Random Map
Map size
Medium (4 player)
Population
200
Speed
Normal
Resources
Standard
Victory
Conquest
Starting age
Dark Age
Ending age
Imperial Age
RankedLock teamsTeams togetherTeam positionsShared explorationLock speedFull tech treeHidden civsTurbo modeCheats
Victory
Defeat
🇦🇷 Slavs · Argentina
1074
+6
🇦🇷 Persians · Argentina
692
+20
🇭🇰 Maya · Hong Kong SAR China
815
-13
🇲🇽 Ethiopians · Mexico
810
-13
Maystayger
1:37 Loom
12:45 Feudal Age
13:19 Horse Collar
13:25 Double-Bit Axe
19:57 Fishing Lines
20:39 Gold Mining
20:42 Stone Mining
24:11 Castle Age
23:49 Scale Barding Armor
23:47 Scale Mail Armor
23:57 Forging
24:51 Wheelbarrow
25:14 Husbandry
25:41 Chain Barding Armor
25:42 Squires
28:57 Bow Saw
29:20 Gillnets
36:54 Hand Cart
38:12 Gold Shaft Mining
38:15 Stone Shaft Mining
37:48 Heavy Plow
松本一香
0:26 Loom
10:33 Feudal Age
16:14 Castle Age
14:52 Double-Bit Axe
15:33 Horse Collar
17:29 Padded Archer Armor
18:17 Fletching
18:16 Crossbowman
20:23 Bodkin Arrow
21:42 Eagle Warrior
22:23 Squires
Viejo inimputable
7:29 Loom
10:28 Feudal Age
12:21 Double-Bit Axe
20:42 Castle Age
20:25 Bloodlines
21:06 Gold Mining
21:25 Scale Barding Armor
21:31 Forging
22:38 Chain Barding Armor
23:28 Gold Shaft Mining
25:09 Bow Saw
29:33 Iron Casting
29:50 Husbandry
31:02 Wheelbarrow
33:20 Hand Cart
35:44 Imperial Age
33:57 Squires
34:14 Town Watch
34:29 Pikeman
35:20 Scale Mail Armor
37:45 Cavalier
Policarpo6012
0:35 Loom
10:20 Feudal Age
11:32 Double-Bit Axe
20:33 Castle Age
18:15 Horse Collar
22:57 Bow Saw
27:35 Fishing Lines
28:18 Padded Archer Armor
28:34 Forging
28:25 Scale Mail Armor
28:45 Careening
28:46 Clinker Construction
28:45 Siphons
29:01 Medium Warships
29:43 Wheelbarrow
30:04 Leather Archer Armor
29:40 Fletching
29:26 Elite Skirmisher
30:49 Thumb Ring
30:05 Crossbowman
31:55 Fletching
32:26 Gold Mining
32:59 Ballistics
32:16 Crossbowman
34:35 Gold Shaft Mining
35:02 Gold Shaft Mining
34:36 Bodkin Arrow
36:02 Hand Cart
36:21 Town Watch
40:33 Imperial Age
38:05 Town Patrol
39:19 Parthian Tactics
Connection lost

Rejoining the realm…

Still unreachable

The connection could not be restored.

Session expired

The server has moved on; the page needs a fresh start.